 Dungeon Crawl Stone Soup version 0.26.1-11-gd32895ea62 (webtiles) character file.

Game seed: 2801186155972370165

14697 nothank2 the Destroyer (level 11, -24/74 HPs)
             Began as a Grey Draconian Conjurer on June 13, 2021.
             Was a High Priest of Sif Muna.
             Killed from afar by a hell hog (35 damage)
             ... with a fireball
             ... in a Gauntlet.
             The game lasted 01:24:22 (13191 turns).

nothank2 the Destroyer (Grey Draconian Conjurer)   Turns: 13191, Time: 01:24:23

Health: -24/74     AC: 20    Str: 10    XL:     11   Next: 92%
Magic:  12/25      EV: 12    Int: 24    God:    Sif Muna [*****.]
Gold:   875        SH:  6    Dex: 10    Spells: 3/31 levels left

rFire    . . .     SeeInvis .   O - staff of conjuration
rCold    + . .     Faith    .   K - +2 buckler {AC+3}
rNeg     . . .     Spirit   .   (armour unavailable)
rPois    +         Reflect  .   (helmet restricted)
rElec    .         Harm     .   r - +2 cloak
rCorr    .         Rampage  .   A - +0 pair of gloves
Will     +....     NoTele   +   T - +0 pair of boots {Fly}
Stlth    ++........             o - amulet of magic regeneration
HPRegen  0.22/turn              d - ring of willpower
MPRegen  0.44/turn              Z - ring of Wu Jian's Reproof {rPois rC+ Int+3}

@: flying, very slightly contaminated
A: walk through water, unfitting armour, unbreathing, cold-blooded, AC +12
a: Stop Flying, Renounce Religion, Channel Magic, Forget Spell, Divine Exegesis


You were in a Gauntlet.
You worshipped Sif Muna.
Sif Muna was extremely pleased with you.
You visited 1 branch of the dungeon, and saw 12 of its levels.
You also visited: Bailey and Gauntlet.

You collected 1177 gold pieces.
You spent 302 gold pieces at shops.

Inventory:

Hand Weapons
 w - a +2 war axe of venom
 E - a +3 long sword
 Q - a +2 falchion of venom
Missiles
 b - 31 poisoned darts
 v - 3 boomerangs of dispersal
 B - 3 silver boomerangs
Armour
 h - a +0 pair of boots
 r - a +2 cloak (worn)
 A - a +0 pair of gloves (worn)
 K - a +2 buckler of protection (worn)
 T - a +0 pair of boots of flying (worn)
 V - a +2 buckler
Magical Staves
 x - an uncursed staff of earth {unknown}
 O - an uncursed staff of conjuration (weapon)
Jewellery
 d - a ring of willpower (left hand)
 f - an uncursed amulet of the acrobat
 o - an amulet of magic regeneration (around neck)
 u - a +6 ring of strength {unknown}
 z - an uncursed ring of ice
 D - an uncursed ring of resist corrosion
 J - an uncursed ring of fire
 Z - the ring of Wu Jian's Reproof (right hand) {rPois rC+ Int+3}
   (You found it in a Gauntlet)

   [ring of poison resistance]

   It affects your intelligence (+3).
   It protects you from cold.
   It protects you from poison.
Wands
 k - a wand of acid (11)
 l - a wand of random effects (12)
 s - a wand of polymorph (13)
 C - a wand of digging (7)
 I - a wand of disintegration (9)
 M - a wand of flame (30)
 W - a wand of paralysis (7)
Scrolls
 e - 3 scrolls of remove curse
 m - a scroll of enchant armour
 n - 9 scrolls of teleportation
 y - 2 scrolls of enchant weapon
 F - 4 scrolls of fear
 L - 5 scrolls of amnesia
 R - 3 scrolls of blinking
 S - 2 scrolls of identify
 Y - a scroll of fog
Potions
 a - 2 potions of flight
 c - 4 potions of berserk rage
 g - 2 potions of haste
 i - 2 potions of brilliance
 j - 2 potions of resistance
 p - a potion of attraction {unknown}
 q - 4 potions of curing
 G - 2 potions of might
 H - a potion of lignification
 N - a potion of ambrosia
Miscellaneous
 P - a condenser vane
 X - a lightning rod (4/4)


   Skills:
 - Level 4.3 Staves
 - Level 2.0 Dodging
 - Level 1.7 Stealth
 - Level 4.5 Shields
 + Level 10.8 Spellcasting
 - Level 11.5 Conjurations
 - Level 2.4 Hexes
 - Level 0.8 Summonings
 - Level 2.0 Translocations
 - Level 1.2 Transmutations
 * Level 4.7 Fire Magic
 * Level 4.7 Earth Magic
 - Level 4.3 Evocations


You had 3 spell levels left.
You knew the following spells:

 Your Spells              Type           Power        Failure   Level
a - Magic Dart            Conj           100%         1%          1
b - Searing Ray           Conj           100%         1%          2
c - Iskenderun's Mystic   Conj/Tloc      62%          3%          4
d - Fulminant Prism       Conj/Hex       31%          2%          4
e - Iskenderun's Battles  Conj           80%          1%          5
f - Bolt of Magma         Conj/Fire/Erth 31%          8%          5
g - Orb of Destruction    Conj           40%          34%         7

Your spell library contained the following spells:

 Spells                   Type           Power        Failure   Level
 Dazzling Flash           Conj/Hex       100%         1%          3
 Summon Small Mammal      Summ           68%          3%          1
 Call Imp                 Summ           17%          5%          2
 Lesser Beckoning         Tloc           11%          6%          3
 Summon Guardian Golem    Hex/Summ       20%          8%          3
 Call Canine Familiar     Summ           17%          11%         3
 Iron Shot                Conj/Erth      33%          26%         6
 Starburst                Conj/Fire      33%          26%         6
 Summon Ice Beast         Ice/Summ       15%          36%         4
 Summon Lightning Spire   Summ/Air       15%          38%         4
 Spellforged Servitor     Conj/Summ      29%          97%         7
 Fire Storm               Conj/Fire      33%          100%        9


Dungeon Overview and Level Annotations

Branches:
Dungeon (12/15)            Temple (0/1) D:6            Lair (0/6) D:9
    Orc (0/2) D:12         Bailey (visited)         Gauntlet (1/1)

Altars:
Cheibriados
Elyvilon
Hepliaklqana
Kikubaaqudgha
Makhleb
Nemelex Xobeh
Sif Muna
Uskayaw
Vehumet
Zin
The Shining One

Shops:
D:8 ?   D:9 (   D:11 !

Annotations:
D:4 Edmund
D:8 1 runed translucent door Gauntlet 9 transporters


Innate Abilities, Weirdness & Mutations

You can walk through water.
Your dull iron-grey scales are very hard. (AC +12)
You cannot fit into any form of body armour.
You can survive without breathing.
You are cold-blooded and may be slowed by cold attacks.


Message History

You kill the hell hound!
Sif Muna accepts your kill.
The mystic blast hits the fire bat!
You kill the fire bat!
Sif Muna accepts your kill.
The mystic blast hits the hell hound!
You kill the hell hound!
Sif Muna accepts your kill.
The hell hog squeals angrily.
Found a chain mail.
The hell hound barks!
You flicker for a moment.
You feel your bond with your battlesphere wane.
You see here 26 gold pieces.
You now have 875 gold pieces (gained 26).
You flicker back into view.
There is a transporter here.
The hell hog breathes fire at you.
The fireball explodes!
The fireball engulfs you!!
You die...

#.#
##.8.....8............
##
##§..............8.....
#§§..###########.......
##...#.........#...####
#≈...#.##.##.#.#...#...
##...#..#..#...#####...
#≈...#..##.##..#*..###'
##.8.#©..#©†#†.#©8©#©.'
#≈...#@#.##.##.#...###'
##...#/..h#....#####..#
#≈...#.##.##.#.#...#..#
##§..#.........#...####
#§§..###########.......
##§..............8.....
#≈.8......8............
##.............§§#≈#≈#≈
##§#§#≈#≈#≈#≈#§#######


You could see a hell hog (catching breath).

Vanquished Creatures
  4 two-headed ogres
  A hell hog (Gauntlet)
  A tengu warrior (D:12)
  An ugly thing (D:11)
  A manticore (D:12)
  2 centaur skeletons (D:10)
  A gargoyle (D:11)
  A komodo dragon (D:9)
  A tengu conjurer (D:12)
  3 trolls
  A hornet (D:8)
  3 slime creatures (D:12)
  2 wyverns
  6 fire bats (Gauntlet)
  4 wraiths
  4 hell hounds (Gauntlet)
  2 water moccasins
  3 sky beasts
  2 ice beasts
  5 orc warriors
  4 phantoms
  2 black bears
  7 ogres
  6 centaurs
  2 big kobolds
  4 bullfrogs (D:6)
  2 wyvern zombies
  6 scorpions
  3 killer bees (D:12)
  3 wights (D:11)
  2 howler monkeys (D:7)
  2 bullfrog zombies
  2 crimson imps
  4 hounds
  A jelly (D:11)
  4 orc priests
  8 orc wizards
  2 bullfrog skeletons
  4 iguanas
  Jessica (D:3)
  Ijyb (D:3)
  8 worker ants
  A hound zombie (D:5)
  A worker ant zombie (D:9)
  Robin (D:3)
  17 adders
  7 gnolls
  4 shadow imps
  6 white imps
  3 ufetubi
  3 oozes
  An adder skeleton (D:8)
  3 worms
  A dart slug (D:1)
  14 leopard geckos
  48 orcs
  5 bats
  8 giant cockroaches
  23 goblins
  11 hobgoblins
  11 jackals
  6 quokkas
  3 ball pythons
  4 frilled lizards
  25 kobolds
  A leopard gecko zombie (D:6)
  A quokka zombie (D:7)
  6 rats
340 creatures vanquished.

Vanquished Creatures (others)
  14 fulminant prisms
  3 plants (D:9)
17 creatures vanquished.

Grand Total: 357 creatures vanquished

Notes
Turn   | Place    | Note
-------+----------+-------------------------------------------
     0 | D:1      | nothank2 the Draconian Conjurer began the quest for the
                  | Orb.
     0 | D:1      | Reached XP level 1. HP: 14/14 MP: 3/3
   270 | D:1      | Reached XP level 2. HP: 20/20 MP: 0/5
   901 | D:1      | Reached XP level 3. HP: 26/26 MP: 1/6
   904 | D:1      | Learned a level 2 spell: Searing Ray
  1329 | D:2      | You fall into a shaft and drop 2 floors!
  1348 | D:3      | Reached skill level 5 in Conjurations
  1756 | D:2      | Reached XP level 4. HP: 33/33 MP: 2/8
  2498 | D:2      | Found a white marble altar of Elyvilon.
  3032 | D:2      | Found a glowing golden altar of the Shining One.
  3286 | D:2      | Reached XP level 5. HP: 10/38 MP: 8/10
  3772 | D:3      | Noticed Ijyb
  3781 | D:3      | Killed Ijyb
  4070 | D:3      | Noticed Jessica
  4071 | D:3      | Killed Jessica
  4090 | D:3      | Noticed Robin
  4093 | D:3      | Killed Robin
  4094 | D:3      | Reached skill level 6 in Conjurations
  4176 | D:3      | Learned a level 4 spell: Iskenderun's Mystic Blast
  4181 | D:3      | Learned a level 4 spell: Fulminant Prism
  4434 | D:3      | Found an ancient bone altar of Kikubaaqudgha.
  4442 | D:3      | Found a hide-covered altar of Uskayaw.
  4444 | D:3      | Found a shimmering blue altar of Sif Muna.
  4453 | D:3      | Became a worshipper of Sif Muna the Loreminder
  4465 | D:3      | Reached XP level 6. HP: 42/45 MP: 7/11
  4936 | D:4      | Noticed Edmund
  4966 | D:5      | Entered Level 5 of the Dungeon
  5155 | D:5      | Reached skill level 1 in Hexes
  5165 | D:5      | Reached * piety under Sif Muna
  5220 | D:5      | Your scales start taking on a dull iron-grey colour.
  5220 | D:5      | Reached XP level 7. HP: 50/50 MP: 6/14
  5220 | D:5      | Gained mutation: You can survive without breathing. [Grey
                  | Draconian growth]
  5315 | D:5      | Reached skill level 5 in Spellcasting
  5552 | D:5      | Reached skill level 7 in Conjurations
  6293 | D:6      | Found a staircase to the Ecumenical Temple.
  6329 | D:6      | Reached skill level 8 in Conjurations
  6329 | D:6      | Reached XP level 8. HP: 39/57 MP: 12/16
  6439 | D:6      | Reached ** piety under Sif Muna
  6445 | D:6      | Found a radiant altar of Vehumet.
  6459 | D:6      | Found a burning altar of Makhleb.
  6606 | D:6      | Reached skill level 9 in Conjurations
  7494 | D:7      | Reached skill level 10 in Conjurations
  7836 | D:7      | Reached skill level 1 in Translocations
  7842 | D:7      | Found a snail-covered altar of Cheibriados.
  8054 | D:8      | Noticed a hornet
  8060 | D:8      | Paralysed by a hornet for 3 turns
  8064 | D:8      | Killed a hornet
  8065 | D:8      | Reached skill level 1 in Shields
  8065 | D:8      | Reached XP level 9. HP: 50/62 MP: 13/18
  8169 | D:8      | Reached *** piety under Sif Muna
  8620 | D:8      | Found a hazy altar of Hepliaklqana.
  8659 | D:8      | Found a glowing silver altar of Zin.
  8659 | D:8      | Found a runed translucent door.
  8659 | D:8      | Noticed an angel
  8734 | D:8      | Found Elle's Magic Scroll Boutique.
  8738 | D:8      | Bought a scroll of amnesia for 42 gold pieces
  8738 | D:8      | Bought a scroll of teleportation for 36 gold pieces
  8738 | D:8      | Bought a scroll of magic mapping for 42 gold pieces
  8873 | D:8      | Noticed a two-headed ogre
  8882 | D:8      | Killed a two-headed ogre
  9188 | D:9      | Found a staircase to the Lair.
  9250 | D:9      | Reached skill level 1 in Staves
  9297 | D:9      | Reached skill level 1 in Evocations
  9297 | D:9      | Reached XP level 10. HP: 54/69 MP: 2/22
  9444 | D:9      | Found Lafocvyi's Antique Weapon Boutique.
  9602 | D:9      | Found a sparkling altar of Nemelex Xobeh.
  9739 | D:9      | Reached **** piety under Sif Muna
 10343 | D:10     | Entered Level 10 of the Dungeon
 10638 | D:10     | Noticed a two-headed ogre
 10679 | D:10     | Noticed a two-headed ogre
 10686 | D:10     | Killed a two-headed ogre
 10707 | D:10     | Killed a two-headed ogre
 10708 | D:10     | Reached skill level 11 in Conjurations
 11515 | D:11     | Noticed a gargoyle
 11524 | D:11     | Killed a gargoyle
 11525 | D:11     | Reached XP level 11. HP: 74/74 MP: 16/24
 11553 | D:11     | Noticed a two-headed ogre
 11554 | D:11     | Noticed a red ugly thing
 11571 | D:11     | Killed a two-headed ogre
 11577 | D:11     | Killed a red ugly thing
 11736 | D:11     | Reached ***** piety under Sif Muna
 11768 | D:11     | Reached skill level 10 in Spellcasting
 11785 | D:11     | Learned a level 5 spell: Iskenderun's Battlesphere
 11791 | D:11     | Learned a level 5 spell: Bolt of Magma
 11799 | D:11     | Learned a level 7 spell: Orb of Destruction
 11944 | D:11     | Reached skill level 1 in Fire Magic
 12045 | D:11     | Found Ficvitua's Distillery.
 12053 | D:11     | Bought 2 potions of heal wounds for 130 gold pieces
 12053 | D:11     | Bought a potion of brilliance for 52 gold pieces
 12551 | D:12     | Noticed a tengu warrior
 12557 | D:12     | Reached skill level 1 in Transmutations
 12558 | D:12     | Killed a tengu warrior
 12559 | D:12     | Identified Sif Muna's Compendium of Blistering Orientation
                  | (Sif Muna gifted it to you on level 12 of the Dungeon)
 12559 | D:12     | Received a gift from Sif Muna
 12647 | D:12     | Found a flagged portal.
 12658 | Bailey   | Entered a bailey
 12799 | Bailey   | Found an iron altar of Okawaru.
 12879 | D:12     | Found a gate leading to a gauntlet.
 12888 | Gauntlet | Entered a Gauntlet
 12888 | Gauntlet | Found a transporter.
 12889 | Gauntlet | Noticed a hell hog
 12898 | Gauntlet | Noticed a cyan ugly thing
 12899 | Gauntlet | Found a transporter.
 12901 | Gauntlet | Found a transporter.
 12901 | Gauntlet | Noticed a great orb of eyes
 12904 | Gauntlet | Found a transporter.
 12905 | Gauntlet | Found a transporter.
 12906 | Gauntlet | Found a transporter.
 12913 | Gauntlet | Noticed a fire crab
 12915 | Gauntlet | Noticed an entropy weaver
 12916 | Gauntlet | Found a transporter.
 12918 | Gauntlet | Found a transporter.
 12937 | Gauntlet | Found a transporter.
 12940 | Gauntlet | Noticed a hell hog
 12955 | Gauntlet | Found a transporter.
 12959 | Gauntlet | Found a transporter.
 12961 | Gauntlet | Found a runed translucent gate.
 12961 | Gauntlet | Found a runed translucent gate.
 12961 | Gauntlet | Found a runed translucent gate.
 12967 | Gauntlet | Found a transporter.
 13016 | Gauntlet | Killed a hell hog
 13142 | Gauntlet | Got a faintly glowing lead ring
 13144 | Gauntlet | Identified the ring of Wu Jian's Reproof {rPois rC+ Int+3}
                  | (You found it in a Gauntlet)
 13191 | Gauntlet | Killed from afar by a hell hog

Illustrated notes

Levels and vault maps discovered:
D:1:      elethiomel_arrival_quiet, layout_loops_ring, dk_noncrumbling_4,
          serial_park_tiny_pond, minmay_cut_off
D:2:      minmay_angry_zag, layout_loops_ring, nicolae_tso_swordbearing_angel,
          lemuel_doored_altar
D:3:      layout_basic, grunt_temple_overflow_open, uniq_jessica, uniq_ijyb,
          uniq_robin
D:4:      cheibrodos_greedy_goblins, layout_loops_ring, moated_statue,
          eino_small_chamber_without_monster, uniq_edmund
D:5:      layout_loops_cross, roderic_st_hans_cross
D:6:      layout_basic, vehumet_crystals, makhleb_grotto_becter,
          minmay_temple_entry_water_ring, gup_sewer_entry_bowl
D:7:      layout_rooms, cheibriados_altar_1
D:8:      layout_loops_ring, nzn_hepliaklqana_mist_gate, serial_shops, shop,
          st_stairs_4, lemuel_angel_altar
D:9:      layout_loops_ring, nemelex_xobeh_ov_fountains_minmay,
          david_lair_shrubbed, serial_shops, kennysheep_little_box,
          minmay_fire_ice_demons
D:10:     nzn_winding_woodlands_small [nzn_winding_woodlands_5x15_eye,
          nzn_winding_woodlands_center_triple_pond,
          nzn_winding_woodlands_5x15_pathside_ponds], layout_stronghold,
          minivault_26, minmay_splitting_lines
D:11:     layout_irregular_city, serial_shops, shop, minivault_19,
          minmay_starry_boxes
D:12:     layout_gridville, zombieorc2_lemuel, gauntlet_entry_generic,
          serial_shops, kennysheep_mini, enter_bailey_5
Gauntlet: minmay_gauntlet_mixed_oops_all_seconds
          [minmay_gauntlet_arena_77_run_for_it, nicolae_gauntlet_swirl,
          minmay_gauntlet_arena_77_broken_ladder,
          nicolae_gauntlet_arena_grate_2, minmay_gauntlet_arena_77_p_blocks,
          gammafunk_gauntlet_arena_crates, gauntlet_exit_spiral]

Skill      XL: |  1  2  3  4  5  6  7  8  9 10 11 |
---------------+----------------------------------+-----
Dodging        | 2 |  2.0
Conjurations   | 5 6 8 10 11 | 11.5
Spellcasting   | 3 4 5 6 8 9 10 | 10.8
Hexes          | 1 2 |  2.4
Translocations | 1 2 |  2.0
Shields        | 1 4 |  4.5
Staves         | 1 3 4 |  4.3
Evocations     | 1 3 4 |  4.3
Fire Magic     | 4 |  4.7
Transmutations | 1 |  1.2
Earth Magic    | 4 |  4.7
Stealth        | |  1.7
Summonings     | |  0.8

Action                   |  1- 3 |  4- 6 |  7- 9 | 10-12 || total
-------------------------+-------+-------+-------+-------++-------
Melee: Unarmed           |     9 |       |       |       ||     9
       Tailslap          |     2 |     1 |     1 |       ||     4
       Short sword       |     6 |     7 |       |       ||    13
       War axe           |       |       |    13 |       ||    13
       Staff             |       |       |     1 |     3 ||     4
 Cast: Magic Dart        |    69 |   150 |   238 |   151 ||   608
       Searing Ray       |     5 |    24 |    69 |    78 ||   176
       Iskenderun's Myst |       |       |     4 |     4 ||     8
       Fulminant Prism   |       |       |     1 |    13 ||    14
       Iskenderun's Batt |       |       |       |    13 ||    13
Evoke: Wand              |       |     2 |       |       ||     2
  Use: Scroll            |     4 |     3 |    16 |     3 ||    26
       Potion            |       |     2 |     1 |     4 ||     7
Armor: Skin              |     8 |    15 |    44 |    63 ||   130
Dodge: Dodged            |    20 |    30 |    54 |    74 ||   178
Block: Buckler           |       |       |    11 |    44 ||    55
